 Dungeon Crawl Stone Soup version 0.31-a0-221-gbddc013574 (webtiles) character file.

Game seed: 8194894419269676034

1782 timneilson the Shield-Bearer (level 9, -3/54 HPs)
             Began as a Gargoyle Fighter on July 4, 2023.
             Was a Follower of Okawaru.
             Slain by an ogre
             ... wielding a +0 giant spiked club
              (27 damage)
             ... on level 5 of the Dungeon.
             The game lasted 00:10:35 (4611 turns).

timneilson the Shield-Bearer (Gargoyle Fighter)     Turns: 4611, Time: 00:10:36

Health: -3/54      AC: 20    Str: 20    XL:     9   Next: 8%
Magic:  8/10       EV: 13    Int:  9    God:    Okawaru [*.....]
Gold:   276        SH:  7    Dex: 13    Spells: 8/8 levels left

rFire   . . .        a - +1 long sword
rCold   . . .        c - +0 buckler
rNeg    + . .        b - +0 scale mail
rPois   ∞            j - +0 helmet
rElec   +            (no cloak)
rCorr   .            r - +2 pair of gloves
SInv    .            (no boots)
Will    .....        (no amulet)
Stlth   +            (no ring)
HPRegen 0.29/turn    (no ring)
MPRegen 0.12/turn

%: no passive effects
@: heroic
A: sickness immunity, AC +6, negative energy resistance 1, electricity
resistance, torment resistance 1, petrification resistance
a: Renounce Religion, Heroism


You were on level 5 of the Dungeon.
You worshipped Okawaru.
Okawaru was aware of your devotion.
You visited 2 branches of the dungeon, and saw 6 of its levels.

You collected 276 gold pieces.

Inventory:

Hand Weapons
 a - a +1 long sword (weapon)
Armour
 b - a +0 scale mail (worn)
 c - a +0 buckler (worn)
 j - a +0 helmet (worn)
 r - a +2 pair of gloves (worn)
Wands
 p - a wand of flame (22)
Scrolls
 d - a scroll of enchant weapon
 f - a scroll of teleportation
 m - a scroll of vulnerability {unknown}
 n - a scroll of summoning {unknown}
 o - 2 scrolls of identify
 q - 2 scrolls of immolation {unknown}
Potions
 e - 2 potions of mutation
 g - 3 potions of lignification
 h - a potion of brilliance
 i - 2 potions of curing
 k - a potion of heal wounds {unknown}
 l - 2 potions of resistance
 s - a potion of haste {unknown}


   Skills:
 + Level 5.3(10.3) Fighting
 * Level 5.2(10.2) Long Blades
 * Level 6.7(11.7) Armour
 + Level 2.9(7.9) Dodging
 * Level 6.8(11.8) Shields
 + Level 2.4 Invocations
 + Level 1.5 Evocations


You had 8 spell levels left.
You didn't know any spells.
Your spell library contained the following spells:

 Spells                   Type           Power      Damage    Failure   Level
 Beastly Appendage        Tmut           0%         N/A       71%         1
 Wereblood                Tmut           0%         N/A       85%         2
 Portal Projectile        Hex/Tloc       0%         N/A       97%         3
 Spider Form              Tmut/Pois      0%         N/A       97%         3
 Blade Hands              Tmut           0%         N/A       100%        5
 Tukima's Dance           Hex            Unusable   N/A       N/A         3

Dungeon Overview and Level Annotations

Branches:
Dungeon (5/15)             Temple (1/1) D:5

Altars:
Ashenzari
Cheibriados
Elyvilon
Fedhas
Gozag
Hepliaklqana
Kikubaaqudgha
Makhleb
Okawaru
Trog
Uskayaw
Vehumet
Xom
Yredelemnul
The Shining One

Annotations:
D:4 3 runed translucent doors, BillyBaka's ghost, novice VSMo; MrSquiggles's ghost, novice HuWn; pajopajo's ghost, amateur OpBr


Innate Abilities, Weirdness & Mutations

You are immune to sickness and miasma.
Your stone body is resilient. (AC +6)
You are immune to poison.
You resist negative energy. (rN+)
You are resistant to electric shocks. (rElec)
You are resistant to unholy torment.
You are immune to petrification.


Message History

r - a +2 pair of gloves You start putting on your armour.
You continue putting on your +2 pair of gloves. x4
You finish putting on your +2 pair of gloves.
You see here a +0 robe.
s - a silvery potion An adder comes into view.
You hit the adder.
The adder is heavily wounded.
You block the adder's attack.
You closely miss the adder.
The adder is heavily wounded.
The adder misses you. The adder barely misses you.
You completely miss the adder.
The adder is heavily wounded.
You block the adder's attack.
You slash the adder!
You kill the adder!
Okawaru accepts your kill.
Found an escape hatch in the ceiling.
q - 2 scrolls labelled SUAFFIF PEKEA (gained 1)
Found a stone staircase leading up.
There is a stone staircase leading up here.
There is a stone staircase leading up here.
An ogre comes into view. It is wielding a +0 giant spiked club.
The ogre moves out of view.
You gain the combat prowess of a mighty hero.
You barely miss the ogre. You hit the ogre but do no damage.
The ogre hits you with a +0 giant spiked club!
You hit the ogre.
The ogre is moderately wounded.
The ogre hits you with a +0 giant spiked club!
You hit the ogre.
The ogre is moderately wounded.
You slash the ogre!
The ogre is severely wounded.
The ogre hits you with a +0 giant spiked club!!
Ouch! That really hurt!
You die...

≈≈≈≈≈≈≈§§§§.####.####.# #..##..##
≈.......§§#.##.....## # #........
≈.≈≈≈≈≈.≈.#.#.......#.# #..##..##
≈.≈...≈.≈...#.......#.# #........
§§≈._...≈....†.._.....# #..##..##
§§≈...≈.≈.#.#.......#..##..##..##
§.≈≈≈≈≈.≈.#.#.......#......##....
§.......≈...##...O.##..##.....###
≈≈≈≈.≈§§§...####@####......####
.........§............###.##
...#####.#.#...###.#..# #.# ####
#...##.## #.# # #.####### #
###.##.# #)#.####........ #
#.##.# #.#.........#### # #.##.#
#.#########.# # #.##.# #.# #.# #
#.##.## #.# #.####


You could see an ogre.

Vanquished Creatures
  Grinder (D:3)
  3 yaks (D:5)
  A water moccasin (D:5)
  A black bear (D:5)
  An ice beast (D:5)
  2 ogres (D:5)
  2 phantoms (D:4)
  3 scorpions
  A howler monkey (D:5)
  A jelly (D:5)
  2 hounds (D:5)
  An iguana (D:4)
  Robin (D:2)
  4 gnolls (D:4)
  7 adders
  A white imp (D:5)
  A worm (D:2)
  2 dart slugs
  11 orcs
  6 endoplasms
  3 giant cockroaches
  16 goblins
  4 hobgoblins
  3 jackals (D:2)
  A quokka (D:1)
  10 ball pythons
  2 bats (D:2)
  A frilled lizard (D:2)
  8 kobolds
  2 rats
102 creatures vanquished.

Notes
Turn   | Place    | Note
-------+----------+-------------------------------------------
     0 | D:1      | timneilson the Gargoyle Fighter began the quest for the
                  | Orb.
     0 | D:1      | Reached XP level 1. HP: 14/14 MP: 1/1
   133 | D:1      | Reached XP level 2. HP: 17/19 MP: 2/2
   746 | D:1      | Reached XP level 3. HP: 19/23 MP: 3/3
  1313 | D:2      | Found a basalt altar of Yredelemnul.
  1383 | D:2      | Reached XP level 4. HP: 28/28 MP: 4/4
  1813 | D:3      | Noticed Robin
  1828 | D:2      | Reached skill level 1 in Dodging
  1855 | D:2      | Killed Robin
  1948 | D:3      | Found a glowing golden altar of the Shining One.
  1989 | D:3      | Reached XP level 5. HP: 29/33 MP: 5/5
  2004 | D:3      | Noticed Grinder
  2016 | D:3      | Paralysed by Grinder for 4 turns
  2028 | D:3      | Killed Grinder
  2029 | D:3      | Reached XP level 6. HP: 17/38 MP: 6/6
  2407 | D:3      | Found a hazy altar of Hepliaklqana.
  2612 | D:4      | Reached skill level 5 in Shields
  2783 | D:4      | Reached XP level 7. HP: 41/43 MP: 7/7
  2792 | D:4      | Reached skill level 5 in Armour
  3120 | D:4      | Found a runed translucent gate.
  3120 | D:4      | Found a runed translucent gate.
  3121 | D:4      | Found a runed translucent gate.
  3122 | D:4      | Noticed MrSquiggles's ghost (novice HuWn)
  3122 | D:4      | Noticed pajopajo's ghost (amateur OpBr)
  3122 | D:4      | Noticed BillyBaka's ghost (novice VSMo)
  3533 | D:5      | Entered Level 5 of the Dungeon
  3548 | D:5      | Found a staircase to the Ecumenical Temple.
  3556 | Temple   | Entered the Ecumenical Temple
  3556 | Temple   | Found a transporter.
  3556 | Temple   | Found a transporter.
  3558 | Temple   | Found a transporter.
  3558 | Temple   | Found a transporter.
  3580 | Temple   | Became a worshipper of Warmaster Okawaru
  3786 | D:5      | Found a shimmering altar of Xom.
  3786 | D:5      | Found a shimmering altar of Xom.
  3786 | D:5      | Found a shimmering altar of Xom.
  3787 | D:5      | Found a shimmering altar of Xom.
  3787 | D:5      | Found a shimmering altar of Xom.
  3787 | D:5      | Found a shimmering altar of Xom.
  3869 | D:5      | Reached XP level 8. HP: 45/48 MP: 8/8
  3921 | D:5      | Reached skill level 1 in Invocations
  4073 | D:5      | Noticed a yak
  4073 | D:5      | Noticed a yak
  4075 | D:5      | Noticed a yak
  4080 | D:5      | Killed a yak
  4080 | D:5      | Reached * piety under Okawaru
  4087 | D:5      | Killed a yak
  4088 | D:5      | Reached skill level 5 in Fighting
  4093 | D:5      | Killed a yak
  4094 | D:5      | Reached skill level 1 in Evocations
  4257 | D:5      | Reached ** piety under Okawaru
  4258 | D:5      | Reached skill level 5 in Long Blades
  4399 | D:5      | Found a blossoming altar of Fedhas.
  4406 | D:5      | Found an opulent altar of Gozag.
  4447 | D:5      | Reached XP level 9. HP: 51/54 MP: 7/10
  4611 | D:5      | Slain by an ogre

Illustrated notes

Levels and vault maps discovered:
D:1:      scummos_arrival_forest, layout_loops_cross
D:2:      minmay_door_path, layout_loops_corners, basic_altar
D:3:      layout_rooms, mainiacjoe_overflow_alcove_4,
          mainiacjoe_overflow_small_starburst, uniq_robin, uniq_grinder
D:4:      cheibrodos_quashed, layout_cave_pods, gammafunk_ghost_cemetery
D:5:      layout_loops_ring, xom_redecorated, old_standard_altar,
          mainiacjoe_overflow_concentric_impassable, minmay_temple_entry_mist,
          hex_medium
Temple:   hellmonk_temple_divided_pantheon

Skill      XL: |  1  2  3  4  5  6  7  8 |
---------------+-------------------------+-----
Long Blades    | 2 3 4 5 |  5.2
Dodging        | 1 2 |  2.9
Shields        | 4 5 6 |  6.8
Armour         | 4 5 6 |  6.7
Fighting       | 4 5 |  5.3
Invocations    | 2 |  2.4
Evocations     | 1 |  1.5

Action                     |  1- 3 |  4- 6 |  7- 9 || total
---------------------------+-------+-------+-------++-------
  Melee: Long sword        |   132 |   150 |   192 ||   474
 Invoke: Heroism           |       |       |     2 ||     2
    Use: Potion            |     1 |     1 |     1 ||     3
         Scroll            |     3 |     5 |     2 ||    10
 Armour: Scale mail        |    82 |    79 |    94 ||   255
  Dodge: Dodged            |    57 |    67 |    85 ||   209
  Block: Buckler           |    27 |    23 |    35 ||    85

Table legend: (Time is in decaauts)
 A = Elapsed time spent in this place.
 B = Non-inter-level travel time spent in this place.
 C = Inter-level travel time spent in this place.
 D = Time resting spent in this place.
 E = Time spent auto-exploring this place.
 F = Levels seen in this place.
 G = Mean time per level.
                   A        B        C        D        E       F      G
               +--------+--------+--------+--------+--------+-----+--------+
         Total |   4747 |   4669 |     78 |     58 |   3193 |   6 |  791.2 |
       Dungeon |   4698 |   4627 |     71 |     58 |   3187 |   5 |  939.6 |
        Temple |     48 |     41 |      7 |      0 |      6 |   1 |   48.0 |
               +--------+--------+--------+--------+--------+-----+--------+

Top non-repeatable levels by time:
     D:2: 1179 daAuts
     D:4: 1090 daAuts
     D:5: 1055 daAuts
     D:1: 770 daAuts
     D:3: 602 daAuts
  Temple: 48 daAuts
